 Dungeon Sprint DCSS version 0.30-a0-371-gad7725a93e (webtiles) character file.

Game seed: 6950196610631789345

1200000 garrulousMonolith the Axe Maniac (level 12, -38/78 HPs)
             Began as a Demonspawn Warper on Nov 21, 2022.
             Was a Follower of Makhleb.
             Annihilated by a meat berserker
             ... wielding a +9 battleaxe
              (76 damage)
             ... in the Dungeon (Sprint VIII: "Arena of Blood").
             The game lasted 00:00:52 (12 turns).

garrulousMonolith the Axe Maniac (Demonspawn Warper)  Turns: 12, Time: 00:00:52

Health: -38/78     AC:  5    Str: 13    XL:     12   Next: 45%
Magic:  15/15      EV: 12    Int: 14    God:    Makhleb [*.....]
Gold:   0          SH:  0    Dex: 17    Spells: 15/15 levels left

rFire   . . .      SeeInvis .    j - +∞ Axe of Woe
rCold   . . .      Faith    .    (shield currently unavailable)
rNeg    . . .      Spirit   .    b - +0 leather armour
rPois   .          Reflect  .    (no helmet)
rElec   .          Harm     .    (no cloak)
rCorr   .          Rampage  .    (no gloves)
Will    .....      NoTele   +    (no boots)
Stlth   +++++.....               (no amulet)
HPRegen 0.33/turn                (no ring)
MPRegen 0.14/turn                (no ring)

@: no status effects
A: slimy green scales 1, powered by pain 1, spiny 1, demonic touch 1
a: Renounce Religion


You were in the Dungeon.
You worshipped Makhleb.
Makhleb was aware of your devotion.
You visited 1 branch

Inventory:

Hand Weapons
 a - a +0 hand axe
 j - the +∞ Axe of Woe (weapon)
   (You found it in the Dungeon)
Missiles
 d - 7 boomerangs of dispersal (quivered)
Armour
 b - a +0 leather armour (worn)
Scrolls
 c - 2 scrolls of blinking
Potions
 e - a potion of curing
 f - a potion of heal wounds
 g - a potion of haste
 h - 2 potions of magic
 i - a potion of berserk rage


   Skills:
 - Level 2.0 Fighting
 O Level 27 Axes
 - Level 0.8 Throwing
 - Level 0.8 Armour
 - Level 1.7 Dodging
 + Level 10.8 Stealth
 - Level 2.0 Spellcasting
 - Level 2.6 Translocations


You had 15 spell levels left.
You didn't know any spells.
Your spell library contained the following spells:

 Spells                   Type           Power      Damage    Failure   Level
 Blink                    Tloc           16%        N/A       16%         2
 Lesser Beckoning         Tloc           16%        N/A       30%         3
 Teleport Other           Tloc           8%         N/A       30%         3
 Vhi's Electric Charge    Tloc/Air       10%        N/A       45%         3
 Manifold Assault         Tloc           8%         N/A       69%         4


Dungeon Overview and Level Annotations

Branches:
Dungeon (1/1)

Altars:
Makhleb


Innate Abilities, Weirdness & Mutations

You are partially covered in slimy green scales. (AC +2)
You sometimes gain a little power by taking damage.
You are partially covered in sharp spines.
Your touch may inflict minor irresistible damage on your foes.


Message History

You have reached level 7!
You have reached level 8!
You feel agile.
You have reached level 9!
Your experience leads to an increase in your attributes!
Increase (S)trength, (I)ntelligence, or (D)exterity?
You feel agile. x2; Your demonic ancestry asserts itself...
Your hands begin to faintly glow with unholy energy.
You have reached level 10!
You slash the bag of meat!
You pulverise the bag of meat into a thin bloody mist.
You kill the bag of meat!
Makhleb accepts your kill.
You can now gain health from killing.
You hear a shout!
The meat berserker rages.
A meat berserker comes into view. It is wielding a +9 battleaxe.
You hear a shout! x3
Your Axes skill gained 3 levels and is now at level 26!
You have reached level 11!
You slice the bag of meat!!
You dissect the bag of meat like a pig carcass.
You kill the bag of meat!
Makhleb accepts your kill.
You hear a shout! x4
The meat berserker rages.
You hear a shout! x4
You have mastered Axes!
You need to enable at least one skill for training.
Your Stealth skill gained 10 levels and is now at level 10!
You have reached level 12!
You feel stronger.
A bag of meat comes into view. It is wielding a +9 war axe.
You hear a shout! x8
The meat berserker is struck by your spines.
The meat berserker hits you with a +9 battleaxe!!!
Ouch! That really hurt!
You hear a shout!
The meat berserker hits you with a +9 battleaxe!!!!
Ouch! That really hurt!
You die...

..............
..o..........
............
...........
......o...
#O......#
#.......# .
...###.@o....###..
......OO###.......
#......o._........
......#.....#....
....O.#_.<._# .
......#.....#
#.o......_.....
........###......
...###... ..###.


You could see 4 meat berserkers and 5 bags of meat.

Vanquished Creatures
  3 orcs (D)
3 creatures vanquished.

Notes
Turn   | Place    | Note
-------+----------+-------------------------------------------
     0 | D        | Found the +∞ Axe of Woe
     0 | D        | garrulousMonolith the Demonspawn Warper began the quest for
                  | the Orb.
     0 | D        | Reached XP level 1. HP: 16/16 MP: 3/3
     2 | D        | Noticed a bag of meat
     4 | D        | Became a worshipper of Makhleb the Destroyer
     5 | D        | Noticed a bag of meat
     5 | D        | Noticed a bag of meat
     8 | D        | Noticed a bag of meat
     8 | D        | Noticed a meat berserker
     8 | D        | Noticed a bag of meat
     8 | D        | Noticed a meat berserker
     9 | D        | Killed a bag of meat
     9 | D        | Noticed a bag of meat
     9 | D        | Noticed a meat berserker
     9 | D        | Noticed a bag of meat
    10 | D        | Reached skill level 23 in Axes
    10 | D        | Gained mutation: You are partially covered in sharp spines.
                  | [demonic ancestry]
    10 | D        | Reached XP level 2. HP: 22/22 MP: 5/5
    10 | D        | Gained mutation: You sometimes gain a little power by
                  | taking damage. [demonic ancestry]
    10 | D        | Reached XP level 3. HP: 27/27 MP: 6/6
    10 | D        | Gained mutation: You are partially covered in slimy green
                  | scales. (AC +2) [demonic ancestry]
    10 | D        | Reached XP level 4. HP: 33/33 MP: 7/7
    10 | D        | Reached XP level 5. HP: 38/38 MP: 8/8
    10 | D        | Reached XP level 6. HP: 44/44 MP: 9/9
    10 | D        | Reached XP level 7. HP: 50/50 MP: 10/10
    10 | D        | Reached XP level 8. HP: 56/56 MP: 11/11
    10 | D        | Gained mutation: Your touch may inflict minor irresistible
                  | damage on your foes. [demonic ancestry]
    10 | D        | Reached XP level 9. HP: 61/61 MP: 12/12
    10 | D        | Reached XP level 10. HP: 67/67 MP: 13/13
    10 | D        | Killed a bag of meat
    10 | D        | Reached * piety under Makhleb
    10 | D        | Noticed a meat berserker
    11 | D        | Reached skill level 26 in Axes
    11 | D        | Reached XP level 11. HP: 72/72 MP: 14/14
    11 | D        | Killed a bag of meat
    12 | D        | Reached skill level 27 in Axes
    12 | D        | Reached skill level 10 in Stealth
    12 | D        | Reached XP level 12. HP: 78/78 MP: 15/15
    12 | D        | Noticed a bag of meat
    12 | D        | Annihilated by a meat berserker

Illustrated notes

Levels and vault maps discovered:
D:        meatsprint

Skill      XL: |  1  2  3  4  5  6  7  8  9 10 11 |
---------------+----------------------------------+-----
Axes           | 23 26 27 | 27.0
Stealth        | 10 | 10.8
Fighting       | |  2.0
Throwing       | |  0.8
Armour         | |  0.8
Dodging        | |  1.7
Spellcasting   | |  2.0
Translocations | |  2.6

Action                   |  1- 3 |  4- 6 |  7- 9 | 10-12 || total
-------------------------+-------+-------+-------+-------++-------
Melee: Executioner's axe |     1 |       |       |     2 ||     3

Table legend: (Time is in decaauts)
 A = Elapsed time spent in this place.
 B = Non-inter-level travel time spent in this place.
 C = Inter-level travel time spent in this place.
 D = Time resting spent in this place.
 E = Time spent auto-exploring this place.
 F = Levels seen in this place.
 G = Mean time per level.
                   A        B        C        D        E       F      G
               +--------+--------+--------+--------+--------+-----+--------+
         Total |     11 |     11 |      0 |      0 |      0 |   1 |   11.0 |
       Dungeon |     11 |     11 |      0 |      0 |      0 |   1 |   11.0 |
               +--------+--------+--------+--------+--------+-----+--------+

Top non-repeatable levels by time:
       D: 11 daAuts
